 Dungeon Crawl Stone Soup version 0.20.0-15-g7f486f2 (webtiles) character file.

926 dobroeutro the Chopper (level 7, -1/55 HPs)
             Began as a Demonspawn Fighter on June 20, 2017.
             Was a Believer of Okawaru.
             Slain by a two-headed ogre
             ... wielding a +0 giant spiked club
              (5 damage)
             ... on level 6 of the Dungeon.
             The game lasted 00:08:32 (3715 turns).

dobroeutro the Chopper (Demonspawn Fighter)         Turns: 3715, Time: 00:08:33

Health: -1/55      AC: 12    Str: 26    XL:     7   Next: 85%
Magic:  0/7        EV:  9    Int: 10    God:    Okawaru [**....]
Gold:   235        SH: 13    Dex: 12    Spells: 6/6 levels left

rFire    . . .     SeeInvis .   x - +3 hand axe (freeze)
rCold    . . .     Gourm    .   c - +1 shield
rNeg     + . .     Faith    .   b - +0 scale mail
rPois    .         Spirit   +   (no helmet)
rElec    .         Reflect  +   (no cloak)
rCorr    .         Harm     .   r - +0 pair of gloves (curse)
MR       .....                  (no boots)
Stlth    ..........             q - +3 amulet of reflection
Regen    2.2/turn               z - ring of positive energy
MPRegen  0.2/turn               n - +3 ring of strength

@: mighty, barbed spikes, hasted, very quick
A: slimy green scales 2, powered by death 1, shaggy fur 1, wild magic 1, magic
shield, magic regeneration
a: Heroism, Renounce Religion


You were on level 6 of the Dungeon.
You worshipped Okawaru.
Okawaru was pleased with you.
You were hungry.

You visited 2 branches of the dungeon, and saw 8 of its levels.

You collected 235 gold pieces.

Inventory:

Hand Weapons
 a - a +0 war axe
 x - a +3 hand axe of freezing (weapon)
Armour
 b - a +0 scale mail (worn)
 c - a +1 shield (worn)
 r - a cursed +0 pair of gloves (worn)
Jewellery
 m - an uncursed ring of fire
 n - a +3 ring of strength (right hand)
 q - a +3 amulet of reflection (around neck)
 z - a ring of positive energy (left hand)
 D - an uncursed ring of stealth
Scrolls
 i - a scroll of fog
 l - 9 scrolls of identify
 p - 2 scrolls of enchant weapon {unknown}
 s - a scroll of remove curse {unknown}
 y - a scroll of amnesia {unknown}
Potions
 d - 2 potions of might
 j - 2 potions of brilliance
Comestibles
 f - 4 bread rations
 g - 3 meat rations
 h - 2 royal jellies
 t - 6 fruits


   Skills:
 + Level 4.8 Fighting
 + Level 6.1 Axes
 + Level 4.1 Armour
 + Level 3.0 Dodging
 - Level 2.6 Shields


You had 6 spell levels left.
You didn't know any spells.

Dungeon Overview and Level Annotations

Branches:
Dungeon (7/15)             Temple (1/1) D:4

Altars:
Cheibriados
Dithmenos
Gozag
Hepliaklqana
Okawaru
Qazlal
Ru
Sif Muna
Trog
Uskayaw
Xom
Yredelemnul
The Shining One

Shops:
D:5 *   D:6 %


Innate Abilities, Weirdness & Mutations

You are mostly covered in slimy green scales. (AC +3)
You regenerate a little health from kills.
When hurt, damage is shared between your health and your magic reserves.
You regenerate magic rapidly.
You are covered in fur. (AC +1)
Your spells are a little harder to cast, but a little more powerful.


Message History

The wyvern is almost dead.
Your shield and scale mail prevent you from hitting the bullfrog.
You hit the manticore but do no damage. You block the bullfrog's attack.
You slash the wyvern! You freeze the wyvern.
You kill the wyvern!
Okawaru accepts your kill.
Your Axes skill increases to level 6!
Your Armour skill increases to level 4!
You slash the manticore! You freeze the manticore. You slice the bullfrog!!
You freeze the bullfrog.
You kill the bullfrog!
Okawaru accepts your kill.
Your Dodging skill increases to level 3!
The manticore closely misses you. You block the manticore's attack. x2
You hit the bullfrog zombie.
The bullfrog zombie is severely damaged.
You hit the ogre. You freeze the ogre. You hit the two-headed ogre.
You freeze the two-headed ogre. You barely miss the manticore.
You slash the two-headed ogre! You freeze the two-headed ogre.
The two-headed ogre hits you with a giant spiked club.
You die...

.....#,,,,*,,,,,,,,,*,,,,#....#
.....#,,,{*,,,,,,,,,*8,,,#....#
.....#+***#####+#####***+#....#
.....#,,,,#......§§.#,,,,####.###
.....#,,,,#..(...§§§#,,,,#.......
.....#,,,,#..Ou.(§§§#,,,,###.....
.....#,,,,#....oO.§§#,,,,##......
.....#,,,,#....HOZO§#,,,,#.......
.....#,,,,#...lO@O..#,,,,#.##.#..
#....#,,,,#.........#,,,,#..#....
#....#,,,,#.........#,,,,#.......
#....#,,,,+.........'.,,,#.......
#....#***##############**##......
....#### #...§§.....# #......
#......###.#........# #......
######.....#....<...# #......
#...................## #......


You could see a brown ugly thing, 3 two-headed ogres, a manticore, an orc
warrior, 3 ogres, an iguana and a bullfrog zombie.

Vanquished Creatures
  A wyvern (D:6)
  A sky beast (D:5)
  2 ogres
  A bullfrog (D:6)
  A scorpion (D:4)
  2 hounds
  An orc priest (D:4)
  An iguana (D:6)
  An orc wizard (D:4)
  A worker ant (D:4)
  A hound skeleton (D:4)
  10 adders
  2 oozes
  4 worms
  A dart slug (D:4)
  4 leopard geckos
  6 orcs
  3 ball pythons
  3 bats
  6 giant cockroaches
  10 hobgoblins
  15 jackals
  6 kobolds
  2 quokkas (D:4)
  8 frilled lizards
  12 goblins
  A leopard gecko skeleton (D:4)
  A quokka skeleton (D:6)
  14 rats
  A butterfly (D:4)
122 creatures vanquished.

Notes
Turn   | Place    | Note
-------+----------+-------------------------------------------
     0 | D:1      | dobroeutro the Demonspawn Fighter began the quest for the Orb.
     0 | D:1      | Reached XP level 1. HP: 18/18 MP: 1/1
    46 | D:1      | Reached skill level 2 in Axes
    67 | D:1      | Gained mutation: When hurt, damage is shared between your health and your magic reserves. [demonic ancestry]
    67 | D:1      | Reached XP level 2. HP: 14/24 MP: 2/2
   294 | D:1      | Reached skill level 3 in Axes
   458 | D:1      | Gained mutation: You regenerate a little health from kills. [demonic ancestry]
   458 | D:1      | Reached XP level 3. HP: 23/29 MP: 0/3
  1158 | D:2      | Found a faded altar of an unknown god.
  1315 | D:2      | Reached skill level 4 in Axes
  1315 | D:2      | Gained mutation: You regenerate magic rapidly. [demonic ancestry]
  1315 | D:2      | Reached XP level 4. HP: 34/35 MP: 4/4
  1888 | D:3      | Reached XP level 5. HP: 41/41 MP: 5/5
  2091 | D:4      | Reached skill level 5 in Axes
  2118 | D:4      | Noticed an ogre
  2188 | D:4      | Found a staircase to the Ecumenical Temple.
  2202 | Temple   | Entered the Ecumenical Temple
  2332 | Temple   | Became a worshipper of Warmaster Okawaru
  2492 | D:4      | Found a shadowy altar of Dithmenos.
  2555 | D:4      | Reached skill level 1 in Dodging
  2560 | D:4      | Gained mutation: You are partially covered in slimy green scales. (AC +2) [demonic ancestry]
  2560 | D:4      | Reached XP level 6. HP: 15/47 MP: 2/6
  2602 | D:4      | Reached * piety under Okawaru
  2669 | D:4      | Noticed an orc warrior
  2845 | D:5      | Entered Level 5 of the Dungeon
  2849 | D:5      | Found Ihicuus's Elemental Accessories.
  2876 | D:5      | Noticed a water moccasin
  3146 | D:5      | Noticed a sky beast
  3166 | D:5      | Killed a sky beast
  3166 | D:5      | Gained mutation: You are mostly covered in slimy green scales. (AC +3) [demonic ancestry]
  3166 | D:5      | Reached XP level 7. HP: 29/54 MP: 5/7
  3170 | D:5      | Gained mutation: You have a pair of small antennae on your head. [mutagenic meat]
  3171 | D:5      | Gained mutation: Your mind is acute. (Int +2) [mutagenic meat]
  3172 | D:5      | Lost mutation: Your mind is acute. (Int +2) [mutagenic meat]
  3173 | D:5      | Gained mutation: You are covered in fur. (AC +1) [mutagenic meat]
  3318 | D:6      | Found Epleny's Food Boutique.
  3699 | D:6      | Noticed a brown ugly thing
  3699 | D:6      | Noticed a manticore
  3699 | D:6      | Noticed a two-headed ogre
  3699 | D:6      | Noticed a wyvern
  3699 | D:6      | Noticed a two-headed ogre
  3699 | D:6      | Noticed a two-headed ogre
  3704 | D:6      | Lost mutation: You have a pair of small antennae on your head. [potion of mutation]
  3704 | D:6      | Gained mutation: Your spells are a little harder to cast, but a little more powerful. [potion of mutation]
  3712 | D:6      | HP: 1/55 [wyvern (2)]
  3714 | D:6      | Killed a wyvern
  3714 | D:6      | Reached skill level 6 in Axes
  3714 | D:6      | Reached ** piety under Okawaru
  3715 | D:6      | Slain by a two-headed ogre

Skill      XL: |  1  2  3  4  5  6  7 |
---------------+----------------------+-----
Axes           | 2 3 4 5 6 |  6.1
Dodging        | 1 2 3 |  3.0
Armour         | 3 4 |  4.1
Fighting       | 4 |  4.8
Shields        | |  2.6

Action                   |  1- 3 |  4- 6 |  7- 9 || total
-------------------------+-------+-------+-------++-------
Melee: War axe           |   139 |   135 |       ||   274
       Hand axe          |       |    79 |    23 ||   102
  Use: Scroll            |       |       |     9 ||     9
       Potion            |       |       |     5 ||     5
  Eat: Chunk             |     1 |     7 |     5 ||    13
Armor: Scale mail        |    61 |    75 |     3 ||   139
Dodge: Dodged            |    43 |    58 |     5 ||   106
Block: Shield            |    73 |   129 |    16 ||   218
